 Dungeon Sprint DCSS version 0.31-a0-940-gdaa99269f9 (webtiles) character file.

Game seed: 3171328820324618481

10939 sircluck the Brawler (level 11, -16/210 (216) HPs)
             Began as a Troll Berserker on Oct 20, 2023.
             Was an Elder of Trog.
             Demolished by Ereshkigal (37 damage)
             ... in the Dungeon (Sprint VII: "The Pits").
             The game lasted 00:03:48 (1483 turns).

sircluck the Brawler (Troll Berserker)              Turns: 1483, Time: 00:03:49

HP:   -16/210 (216) AC:  4    Str: 31    XL:     11   Next: 42%
MP:   10/10         EV: 18    Int:  3    God:    Trog [****..]
Gold: 0             SH:  0    Dex: 12    Spells: 10/10 levels left

rFire   . .          .
                       - Unarmed
rCold   . . .        (no shield)
rNeg    . . .        a - +0 animal skin
rPois   .            (helmet restricted)
rElec   .            (no cloak)
rCorr   .            (gloves unavailable)
SInv    .            (boots unavailable)
Will    .....        (no amulet) Stlth
                     n - +3 ring of dexterity
HPRegen 1.35/turn    l - +3 ring of evasion
MPRegen 0.12/turn

%: no teleportation, random rage (9%)
@: berserking, lightly drained, very quick
A: large, unfitting armour, claws 3, regeneration 1, shaggy fur 1, tough skin 1,
hooves 1, berserk 2, robust 1
a: Renounce Religion, Berserk, Trog's Hand, Brothers in Arms


You were in the Dungeon.
You worshipped Trog.
Trog was greatly pleased with you.
You visited 1 branch

Inventory:

Armour
 a - a +0 animal skin (worn)
 p - a +0 cloak
Jewellery
 l - a +3 ring of evasion (right claw)
 n - a +3 ring of dexterity (left claw)
Wands
 k - a wand of mindburst (16)
Scrolls
 g - a scroll of blinking
 i - 2 scrolls of vulnerability
 j - a scroll of summoning
Potions
 b - 6 potions of curing
 c - 11 potions of heal wounds
 d - a potion of haste
 e - 4 potions of magic
 f - 5 potions of berserk rage
 h - 2 potions of invisibility
 m - a potion of mutation
 o - a potion of might


   Skills:
 + Level 14.4 Fighting
 + Level 14.2 Dodging
 + Level 16.7 Unarmed Combat


You had 10 spell levels left.
You didn't know any spells.
Your spell library was empty.

Dungeon Overview and Level Annotations

Branches:
Dungeon (1/1)

Altars:
Ashenzari
Cheibriados
Dithmenos
Elyvilon
Fedhas
Gozag
Hepliaklqana
Kikubaaqudgha
Makhleb
Nemelex Xobeh
Okawaru
Qazlal
Ru
Sif Muna
Trog
Uskayaw
Vehumet
Wu Jian
Xom
Yredelemnul
Zin
The Shining One
Jiyva
Lugonu

Annotations:
D Ereshkigal


Innate Abilities, Weirdness & Mutations

You are too large for most types of armour.
You have claws for hands.
Your natural rate of healing is unusually fast.
You are covered in fur. (AC +1)
You have tough skin. (AC +1)
You have large cloven feet.
You have an uncontrollable temper.
You are robust. (+10% HP)


Message History

Which direction?
You close the door.
There is an open door here.
Which direction?
You close the door.
There is a large open door to the Hallway of Sentries (Extremely Hard), spattered with blood here.
There is a large open door to the Hallway of Sentries (Extremely Hard) here.
You close the large door.
Something unseen breaks down the large door.
You fail to use your ability.
You feel much better.
Unknown command.
Unknown command.
A red film seems to cover your vision as you go berserk!
You feel yourself moving faster!
You feel mighty!
Ereshkigal calls on the powers of darkness!
Your body is wracked with pain!
* * * LOW HITPOINT WARNING * * *
Ereshkigal hits you!
* * * LOW HITPOINT WARNING * * *
You miss Ereshkigal. Your kick misses Ereshkigal.
Unknown command.
You closely miss Ereshkigal. Your kick misses Ereshkigal. Ereshkigal hits you!
* * * LOW HITPOINT WARNING * * *
You feel drained.
* * * LOW HITPOINT WARNING * * *
Unknown command.
Unknown command.
You completely miss Ereshkigal. You kick Ereshkigal, but do no damage.
Unknown command.
Unknown command.
You closely miss Ereshkigal. Your kick misses Ereshkigal.
Ereshkigal shouts, "Give in, thou infectious toenail-biting foot-licker!"
Ereshkigal gestures.
Unknown command.
Unknown command.
Unknown command.
You closely miss Ereshkigal. Your kick misses Ereshkigal.
Ereshkigal hits you!!!
You die...

#+# #)# #+# #.# #+# #.#
#'#
#####################'#
................@&.1..#
........).............#
####++##############..#
#..# #..# #..# #..#
#..# #..#


You could see Ereshkigal and a Tzitzimitl (summoned).

Vanquished Creatures
  A pearl dragon (D)
  An acid blob (D)
  A deep elf master archer (D)
  A yellow draconian (D)
  A blizzard demon (D)
  2 demonic crawlers (D)
  A flayed ghost (D)
  An eye of devastation (D)
  A kobold demonologist (D)
  A guardian mummy (D)
  A freezing wraith (D)
  A hornet (D)
  A tarantella (D)
  A flying skull (D)
  4 yaks (D)
  A redback (D)
  A water moccasin (D)
  A swamp drake (D)
  3 centaurs (D)
  A bullfrog (D)
  2 kobold brigands (D)
  A scorpion (D)
  5 killer bees (D)
  An orc priest (D)
  An iron imp (D)
  Ijyb (D)
  2 orc wizards (D)
  A gnoll (D)
  An adder (D)
  2 river rats (D)
  3 ufetubi (D)
  2 orcs (D)
  A giant cockroach (D)
  2 kobolds (D)
  A quokka (D)
  A frilled lizard (D)
53 creatures vanquished.

Vanquished Creatures (collateral kills)
  A merfolk siren (D)
  Grinder (D)
  A water moccasin (D)
  A gnoll bouda (D)
  A hound (D)
  4 gnolls (D)
  An orc (D)
10 creatures vanquished.

Grand Total: 63 creatures vanquished

Notes
Turn   | Place    | Note
-------+----------+-------------------------------------------
     0 | D        | sircluck the Troll Berserker began the quest for the Orb.
     0 | D        | Reached XP level 1. HP: 22/22 MP: 0/0
    25 | D        | Found a bloodstained altar of Trog.
    25 | D        | Found a shimmering blue altar of Sif Muna.
    25 | D        | Found a viscous altar of Jiyva.
    25 | D        | Found a hazy altar of Hepliaklqana.
    25 | D        | Found an opulent altar of Gozag.
    26 | D        | Found a glowing golden altar of the Shining One.
    26 | D        | Found a glowing silver altar of Zin.
    26 | D        | Found a basalt altar of Yredelemnul.
    26 | D        | Found a shimmering altar of Xom.
    26 | D        | Found an ornate altar of the Wu Jian Council.
    26 | D        | Found a sacrificial altar of Ru.
    26 | D        | Found a stormy altar of Qazlal.
    26 | D        | Found an iron altar of Okawaru.
    26 | D        | Found a sparkling altar of Nemelex Xobeh.
    26 | D        | Found a burning altar of Makhleb.
    26 | D        | Found a blossoming altar of Fedhas.
    26 | D        | Found a white marble altar of Elyvilon.
    26 | D        | Found a shadowy altar of Dithmenos.
    26 | D        | Found a snail-covered altar of Cheibriados.
    28 | D        | Found a radiant altar of Vehumet.
    28 | D        | Found a corrupted altar of Lugonu.
    29 | D        | Found a hide-covered altar of Uskayaw.
    29 | D        | Found an ancient bone altar of Kikubaaqudgha.
    29 | D        | Found a broken altar of Ashenzari.
    72 | D        | Reached ** piety under Trog
    73 | D        | Reached XP level 2. HP: 31/31 MP: 1/1
    77 | D        | Reached skill level 4 in Unarmed Combat
    88 | D        | Noticed a scorpion
    99 | D        | Killed a scorpion
    99 | D        | Reached *** piety under Trog
   100 | D        | Reached skill level 5 in Unarmed Combat
   100 | D        | Reached XP level 3. HP: 6/40 MP: 2/2
   100 | D        | Reached XP level 4. HP: 8/49 MP: 3/3
   100 | D        | HP: 3/73 [ufetubus (2)]
   106 | D        | HP: 3/73 [poisoned by a scorpion]
   184 | D        | Noticed a centaur
   184 | D        | Noticed Grinder
   184 | D        | Noticed a water moccasin
   196 | D        | Reached **** piety under Trog
   197 | D        | Reached skill level 5 in Fighting
   197 | D        | Reached skill level 5 in Dodging
   197 | D        | Reached skill level 6 in Unarmed Combat
   204 | D        | Killed a centaur
   205 | D        | Reached skill level 7 in Unarmed Combat
   205 | D        | Reached XP level 5. HP: 51/59 MP: 4/4
   214 | D        | Killed Grinder
   215 | D        | Reached skill level 8 in Unarmed Combat
   215 | D        | Reached XP level 6. HP: 71/71 MP: 5/5
   218 | D        | Reached skill level 9 in Unarmed Combat
   222 | D        | Killed a water moccasin
   222 | D        | Reached ***** piety under Trog
   223 | D        | Reached XP level 7. HP: 80/80 MP: 6/6
   282 | D        | Received a gift from Trog
   287 | D        | Noticed a hornet
   288 | D        | Paralysed by a hornet for 1 turns
   295 | D        | Killed a hornet
   296 | D        | Reached skill level 10 in Unarmed Combat
   346 | D        | Noticed a flying skull
   346 | D        | Noticed Ijyb
   349 | D        | Killed Ijyb
   350 | D        | Killed a flying skull
   351 | D        | Reached XP level 8. HP: 92/92 MP: 7/7
   379 | D        | Reached skill level 11 in Unarmed Combat
   381 | D        | Received a gift from Trog
   389 | D        | Reached skill level 10 in Fighting
   390 | D        | Reached ****** piety under Trog
   391 | D        | Reached skill level 10 in Dodging
   473 | D        | Gained mutation: You have large cloven feet. [potion of
                  | mutation]
   473 | D        | Gained mutation: You sometimes lose your temper in combat.
                  | [potion of mutation]
   473 | D        | Gained mutation: You have an uncontrollable temper. [potion
                  | of mutation]
   473 | D        | Gained mutation: You are robust. (+10% HP) [potion of
                  | mutation]
   536 | D        | Noticed a guardian mummy
   545 | D        | Killed a guardian mummy
   546 | D        | Reached skill level 12 in Unarmed Combat
   546 | D        | Reached XP level 9. HP: 112/112 MP: 8/8
   614 | D        | Received a gift from Trog
   670 | D        | Noticed a freezing wraith
   670 | D        | Noticed a demonic crawler
   670 | D        | Noticed a merfolk siren
   675 | D        | Killed a merfolk siren
   676 | D        | Reached skill level 13 in Unarmed Combat
   689 | D        | Killed a demonic crawler
   691 | D        | Killed a freezing wraith
   848 | D        | Noticed a kobold demonologist
   854 | D        | Noticed a demonic crawler
   860 | D        | Killed a kobold demonologist
   861 | D        | Reached XP level 10. HP: 125/126 MP: 9/9
   865 | D        | Killed a demonic crawler
   865 | D        | Received a gift from Trog
   866 | D        | Reached skill level 14 in Unarmed Combat
   918 | D        | Noticed a yellow draconian
   919 | D        | Noticed a flayed ghost
   925 | D        | Killed a yellow draconian
   928 | D        | Killed a flayed ghost
   978 | D        | Noticed an eye of devastation
   989 | D        | Killed an eye of devastation
   990 | D        | Reached skill level 15 in Unarmed Combat
  1211 | D        | Noticed an acid blob
  1219 | D        | Killed an acid blob
  1269 | D        | Noticed a pearl dragon
  1279 | D        | Killed a pearl dragon
  1280 | D        | Reached skill level 16 in Unarmed Combat
  1280 | D        | Reached XP level 11. HP: 116/140 MP: 10/10
  1317 | D        | Noticed a blizzard demon
  1322 | D        | Killed a blizzard demon
  1322 | D        | Identified the +3 dire flail of Trog's Outrage {heavy,
                  | rC++} (Trog gifted it to you in the Dungeon)
  1322 | D        | Received a gift from Trog
  1376 | D        | Noticed a deep elf master archer
  1381 | D        | Killed a deep elf master archer
  1452 | D        | Noticed Ereshkigal
  1453 | D        | Noticed a Tzitzimitl
  1483 | D        | Noticed a Tzitzimitl
  1483 | D        | Demolished by Ereshkigal

Illustrated notes

Levels and vault maps discovered:
D:        pitsprint [storerooms_1, entrance_room_1, metal_vault_6, armoury_2,
          mini_pit_1, grid_room_1, main_hall_1, silver_pit, the_coven_2,
          the_vestibule_1, steel_vault_2, golden_pit, hallway_of_sentries,
          crystal_vault_1, iron_vault_3, final_vault]

Skill      XL: |  1  2  3  4  5  6  7  8  9 10 11 |
---------------+----------------------------------+-----
Fighting       | 3 4 6 7 8 9 10 11 13 14 | 14.4
Dodging        | 3 4 5 7 8 10 11 13 14 | 14.2
Unarmed Combat | 5 7 8 9 10 12 13 16 | 16.7

Action                     |  1- 3 |  4- 6 |  7- 9 | 10-12 || total
---------------------------+-------+-------+-------+-------++-------
  Melee: Unarmed           |    26 |    16 |    74 |    55 ||   171
         Punch             |       |       |     6 |     4 ||    10
         Kick              |       |       |     8 |    16 ||    24
 Invoke: Berserk           |     1 |       |     2 |     5 ||     8
         Brothers in Arms  |       |     1 |     2 |     4 ||     7
    Use: Potion            |       |       |     1 |     1 ||     2
 Armour: Animal skin       |    44 |    20 |    53 |    36 ||   153
  Dodge: Dodged            |    33 |    13 |    43 |    35 ||   124

Table legend: (Time is in decaauts)
 A = Elapsed time spent in this place.
 B = Non-inter-level travel time spent in this place.
 C = Inter-level travel time spent in this place.
 D = Time resting spent in this place.
 E = Time spent auto-exploring this place.
 F = Levels seen in this place.
 G = Mean time per level.
                   A        B        C        D        E       F      G
               +--------+--------+--------+--------+--------+-----+--------+
         Total |   1557 |   1557 |      0 |    856 |    192 |   1 | 1557.0 |
       Dungeon |   1557 |   1557 |      0 |    856 |    192 |   1 | 1557.0 |
               +--------+--------+--------+--------+--------+-----+--------+

Top non-repeatable levels by time:
       D: 1557 daAuts
